 Dungeon Crawl Stone Soup version 0.20.1-1-g8b1a95d (console) character file.

1685 Kloppie the Basher (level 8, -1/70 HPs)
             Began as a Minotaur Fighter on July 12, 2017.
             Was a Believer of Okawaru.
             Slain by an orc warrior
             ... wielding a cursed -3 halberd
              (13 damage)
             ... on level 7 of the Dungeon.
             The game lasted 00:08:14 (4605 turns).

Kloppie the Basher (Minotaur Fighter)               Turns: 4605, Time: 00:08:14

Health: -1/70      AC: 10    Str: 27    XL:     8   Next: 71%
Magic:  7/7        EV:  7    Int:  5    God:    Okawaru [**....]
Gold:   233        SH: 12    Dex: 11    Spells: 7/7 levels left

rFire    . . .     SeeInvis .   a - +2 flail
rCold    . . .     Gourm    .   c - +0 shield
rNeg     + . .     Faith    .   i - +1 chain mail
rPois    .         Spirit   .   (helmet restricted)
rElec    .         Reflect  .   h - scarf {cloud immunity}
rCorr    .         Harm     .   (no gloves)
MR       .....                  (no boots)
Stlth    ..........             (no amulet)
Regen    0.3/turn               H - ring of positive energy
MPRegen  0.1/turn               (no ring)

@: mighty
A: retaliatory headbutt, horns 2
a: Heroism, Renounce Religion


You were on level 7 of the Dungeon.
You worshipped Okawaru.
Okawaru was pleased with you.
You were not hungry.

You visited 1 branch of the dungeon, and saw 7 of its levels.

You collected 245 gold pieces.
You spent 12 gold pieces at shops.

Inventory:

Hand Weapons
 a - a +2 flail (weapon)
 b - a +0 hunting sling
Missiles
 t - 75 sling bullets
Armour
 c - a +0 shield (worn)
 h - a scarf of cloud immunity (worn)
 i - a +1 chain mail (worn)
Jewellery
 H - a ring of positive energy (left hand)
Wands
 q - a wand of paralysis (12/24)
 C - a wand of acid (4/15)
 E - a wand of confusion (31/48)
 G - a wand of polymorph (15/24)
 J - a wand of iceblast (8/15)
 K - a wand of confusion (35/48)
Scrolls
 e - 5 scrolls of teleportation
 g - 4 scrolls of identify
 r - 5 scrolls of remove curse
 w - 2 scrolls of enchant weapon
 x - a scroll of random uselessness
 y - a scroll of recharging
 F - a scroll of fear
Potions
 k - 2 potions of haste
 l - a potion of flight
 n - a potion of lignification
 o - 4 potions of heal wounds
 u - 2 potions of brilliance {unknown}
 v - 6 potions of curing
 B - a potion of degeneration {unknown}
 I - 3 potions of agility {unknown}
Books
 A - a book of Misfortune

   Spells                             Type                      Level
   a - Confusing Touch                Hexes                        1
   b - Confuse                        Hexes                        3
   c - Gell's Gravitas                Translocation                3
   d - Petrify                        Transmutation/Earth          4
   e - Metabolic Englaciation         Hexes/Ice                    5
   f - Yara's Violent Unravelling     Hexes/Transmutation          5
Comestibles
 f - 8 bread rations
 j - 4 royal jellies
 m - 8 fruits
 p - 4 meat rations
 s - 5 chunks of flesh


   Skills:
 + Level 5.9 Fighting
 + Level 9.5 Maces & Flails
 - Level 3.6 Armour
 - Level 9.1 Shields


You had 7 spell levels left.
You didn't know any spells.

Dungeon Overview and Level Annotations

Branches:
Dungeon (7/15)             Temple (0/1) D:4

Altars:
Ashenzari
Kikubaaqudgha
Okawaru
Qazlal
Sif Muna
Trog

Shops:
D:6 *[


Innate Abilities, Weirdness & Mutations

You reflexively headbutt those who attack you in melee.
You have a pair of horns on your head.


Message History

You are too injured to fight recklessly!
You are too injured to fight recklessly!
You are too injured to fight recklessly!
The orc wizard hits you but does no damage.
The orc warrior barely misses you.
You feel very mighty all of a sudden.
The orc wizard hits you but does no damage.
You block the orc warrior's attack.
You bludgeon the orc wizard!!
You kill the orc wizard!
Okawaru accepts your kill.
The orc warrior hits you with an enchanted halberd!
* * * LOW HITPOINT WARNING * * *
Things that are here:
a dagger; a robe You bludgeon the orc warrior!!
The orc warrior is severely wounded.
You block the orc wizard's attack.
The orc warrior hits you with an enchanted halberd!
You die...

#. #..#...###.....# #
##...#..#..#...#.
#.....###...#.#. ###.
#....#...#...# #...#
#.#...#.....#..# #... .
#............#####.. ...
########.#.#.....#..#.o#.o...
.....# #.#..#...#...#.).#
####รท###.#...###@o.#.#...#
#........#..#.o#...#..#
#####...#...###.....###
#<.....#..#.....#
##....#...#.....#
#.......#.#...#.#
#......#...#.#...#
#................. #.......#
#####


You could see an orc warrior and an orc wizard.

Vanquished Creatures
  A hippogriff (D:7)
  Sigmund (D:6)
  A sky beast (D:5)
  An ice beast (D:7)
  A phantom (D:4)
  A bullfrog (D:6)
  A scorpion (D:4)
  5 wights (D:7)
  A howler monkey (D:4)
  A crimson imp (D:7)
  A bullfrog skeleton (D:6)
  3 hounds
  A centaur zombie (D:4)
  Jessica (D:2)
  2 iguanas (D:5)
  5 worker ants
  4 orc wizards
  2 worker ant zombies
  8 adders
  2 oozes
  2 adder skeletons
  5 worms
  2 dart slugs
  7 leopard geckos
  15 orcs
  6 giant cockroaches
  7 goblins
  4 hobgoblins
  9 jackals
  3 quokkas
  A ball python (D:2)
  11 bats
  5 frilled lizards
  4 kobolds
  4 rats
128 creatures vanquished.

Notes
Turn   | Place    | Note
-------+----------+-------------------------------------------
     0 | D:1      | Kloppie the Minotaur Fighter began the quest for the Orb.
     0 | D:1      | Reached XP level 1. HP: 19/19 MP: 0/0
   201 | D:1      | You fall through a shaft!
   205 | D:2      | Noticed Jessica
   211 | D:2      | Reached XP level 2. HP: 26/26 MP: 1/1
   215 | D:2      | Found an iron altar of Okawaru.
   716 | D:1      | Reached XP level 3. HP: 30/31 MP: 2/2
  1113 | D:2      | Found an ancient bone altar of Kikubaaqudgha.
  1113 | D:2      | Found a bloodstained altar of Trog.
  1118 | D:2      | Killed Jessica
  1156 | D:2      | Reached XP level 4. HP: 39/39 MP: 3/3
  1164 | D:2      | Found a faded altar of an unknown god.
  1171 | D:2      | Reached skill level 5 in Shields
  1420 | D:2      | Found a stormy altar of Qazlal.
  1629 | D:2      | Became a worshipper of Warmaster Okawaru
  1918 | D:3      | Reached XP level 5. HP: 43/46 MP: 4/4
  2462 | D:4      | Reached skill level 5 in Maces & Flails
  2842 | D:4      | Noticed a phantom
  2848 | D:4      | Reached skill level 5 in Fighting
  2848 | D:4      | Reached XP level 6. HP: 46/56 MP: 5/5
  2854 | D:4      | Reached * piety under Okawaru
  2881 | D:4      | Found a staircase to the Ecumenical Temple.
  2994 | D:5      | Entered Level 5 of the Dungeon
  3025 | D:5      | Found a shattered altar of Ashenzari.
  3086 | D:5      | You fall through a shaft!
  3086 | D:6      | Found Giulikhleq's Antique Armour Boutique.
  3111 | D:6      | Reached XP level 7. HP: 60/61 MP: 6/6
  3581 | D:5      | Reached ** piety under Okawaru
  3793 | D:5      | Found a deep blue altar of Sif Muna.
  4059 | D:6      | Noticed Sigmund
  4082 | D:6      | Killed Sigmund
  4082 | D:6      | Reached XP level 8. HP: 69/69 MP: 7/7
  4156 | D:6      | Found Tobiuhodd's General Store.
  4169 | D:6      | Bought a scroll of noise for 12 gold pieces
  4417 | D:7      | Got a faintly humming ring mail
  4428 | D:7      | Identified the +4 ring mail "Sewyul" {rPois MR- Dex+8} (You found it on level 7 of the Dungeon)
  4534 | D:7      | Noticed a hippogriff
  4539 | D:7      | Killed a hippogriff
  4605 | D:7      | Slain by an orc warrior

Skill      XL: |  1  2  3  4  5  6  7  8 |
---------------+-------------------------+-----
Shields        | 4 5 6 7 9 |  9.1
Maces & Flails | 3 4 5 6 8 9 |  9.5
Fighting       | 5 |  5.9
Armour         | |  3.6

Action                   |  1- 3 |  4- 6 |  7- 9 || total
-------------------------+-------+-------+-------++-------
Melee: Flail             |    85 |   175 |   129 ||   389
       Headbutt          |     7 |    34 |    23 ||    64
       Unarmed           |       |       |     2 ||     2
 Fire: Hunting sling     |     2 |       |     5 ||     7
  Use: Scroll            |       |    13 |     4 ||    17
       Potion            |       |       |     1 ||     1
  Eat: Chunk             |     1 |     6 |     5 ||    12
Armor: Scale mail        |    19 |       |       ||    19
       Chain mail        |    24 |    88 |    53 ||   165
Dodge: Dodged            |    28 |    51 |    31 ||   110
Block: Shield            |    57 |   108 |    57 ||   222
